 Dungeon Crawl Stone Soup version 0.27-a0-808-g60bc5d92e6 (webtiles) character file.

Game seed: 13932380735375928775

805 polve the Conjurer (level 7, -3/52 HPs)
             Began as a Demonspawn Abyssal Knight on Mar 28, 2021.
             Was a Priest of Lugonu.
             Slain by Dowan
             ... wielding a +2 dagger of pain
              (5 damage)
             ... on level 4 of the Dungeon.
             The game lasted 00:05:48 (4717 turns).

polve the Conjurer (Demonspawn Abyssal Knight)      Turns: 4717, Time: 00:05:49

Health: -3/52      AC:  8    Str: 18    XL:     7   Next: 60%
Magic:  3/11       EV: 11    Int: 16    God:    Lugonu [***...]
Gold:   173        SH:  0    Dex: 12    Spells: 3/12 levels left

rFire    + . .     SeeInvis .   a - +1 falchion
rCold    + . .     Faith    .   (no shield)
rNeg     . . .     Spirit   .   l - +1 robe {rC+ rF+}
rPois    .         Reflect  .   (helmet restricted)
rElec    .         Harm     .   n - +0 cloak
rCorr    .         Rampage  .   (no gloves)
Will     .....                  (no boots)
Stlth    ++........             (no amulet)
HPRegen  0.17/turn              m - +6 ring of strength
MPRegen  0.12/turn              (no ring)

@: mighty, flying
A: horns 1, iridescent scales 2, demonic magic 1
a: Renounce Religion, Depart the Abyss, Bend Space, Banish


You were on level 4 of the Dungeon.
You worshipped Lugonu.
Lugonu was most pleased with you.
You visited 1 branch of the dungeon, and saw 4 of its levels.
You visited the Abyss 1 time.

You collected 173 gold pieces.

Inventory:

Hand Weapons
 a - a +1 falchion (weapon)
Armour
 l - a +1 robe of resistance (worn)
 n - a +0 cloak (worn)
Jewellery
 m - a +6 ring of strength (left hand)
Wands
 f - a wand of polymorph (7)
Scrolls
 b - a scroll of brand weapon {unknown}
 e - a scroll of immolation {unknown}
 g - 2 scrolls of teleportation {unknown}
 h - a scroll of silence {unknown}
 i - a scroll of identify {unknown}
 k - a scroll of noise {unknown}
Potions
 c - 2 potions of might
 d - a potion of brilliance


   Skills:
 - Level 3.0 Fighting
 - Level 3.7 Long Blades
 - Level 1.7 Armour
 - Level 0.8 Dodging
 + Level 2.4 Stealth
 - Level 3.0 Spellcasting
 - Level 5.0 Conjurations
 - Level 0.7 Air Magic
 - Level 0.9 Poison Magic
 + Level 4.2 Invocations


You had 3 spell levels left.
You knew the following spells:

 Your Spells              Type           Power      Damage    Failure   Level
a - Magic Dart            Conj           72%        1d6       2%          1
b - Call Imp              Summ           2%         N/A       28%         2
c - Conjure Flame         Conj/Fire      10%        6-21      21%         3
d - Mephitic Cloud        Conj/Pois/Air  9%         N/A       22%         3

Your spell library contained the following spells:

 Spells                   Type           Power      Damage    Failure   Level
 Blink                    Tloc           N/A        N/A       28%         2
 Slow                     Hex            2%         N/A       28%         2


Dungeon Overview and Level Annotations

Branches:
Dungeon (4/15)             Temple (0/1) D:4

Altars:
Vehumet
The Shining One

Shops:
D:1 :

Annotations:
D:4 Dowan


Innate Abilities, Weirdness & Mutations

You have a pair of small horns on your head.
You are mostly covered in iridescent scales. (AC +4)
Spells you cast may paralyse adjacent enemies.


Message History

Duvessa is almost dead.
Duvessa hits you with a +0 short sword!
* * * LOW HITPOINT WARNING * * *
It was a potion of flight.
You feel very buoyant.
You fly up into the air.
Duvessa hits you but does no damage. Duvessa misses you.
It was a potion of curing.
You feel better. Duvessa hits you with a +0 short sword.
* * * LOW HITPOINT WARNING * * *
You feel very mighty all of a sudden. Duvessa hits you with a +0 short sword.
* * * LOW HITPOINT WARNING * * *
Dowan says, "There's a certain beauty in death, don't you think?"
Duvessa says, "When magic and the sword combine, nothing stands against them."
Duvessa completely misses you.
You closely miss Duvessa. You headbutt Duvessa.
You kill Duvessa!
Lugonu accepts your kill.
Dowan screams, "No!
No!"
Dowan seems to find hidden reserves of power!
Dowan closely misses you. Dowan hits you but does no damage.
You writhe in agony.
* * * LOW HITPOINT WARNING * * *
Your magical contamination has completely faded away.
Your Stealth skill increases to level 2!
Your Invocations skill increases to level 4!
You barely miss Dowan.
Dowan hits you with a +2 dagger of pain.
* * * LOW HITPOINT WARNING * * *
You slash Dowan!
Dowan is heavily wounded.
Dowan hits you with a +2 dagger of pain.
* * * LOW HITPOINT WARNING * * *
Dowan hits you with a +2 dagger of pain.
* * * LOW HITPOINT WARNING * * *
You closely miss Dowan.
Dowan is heavily wounded.
Dowan hits you with a +2 dagger of pain.
You die...

#..........
##########.........
#.......##.........
#..................
#..................
#.......##.....##..
#.......#########..
#.e......#.........
#/@......#.........
#.)......#.........
#........#.....>...
#.......##.....##..
#.......##.....##..
#..................
#..................
#......... ........
........


You could see Dowan (fast).

Vanquished Creatures
  Sigmund (D:3)
  Duvessa (D:4)
  A necrophage (D:3)
  A scorpion (D:4)
  Crazy Yiuf (D:3)
  A hound (D:4)
  An orc priest (D:3)
  A centaur skeleton (D:3)
  4 orc wizards
  Terence (D:3)
  A gnoll (D:1)
  4 adders
  An adder skeleton (D:3)
  A worm (D:2)
  A dart slug (D:3)
  3 orcs (D:2)
  13 endoplasms
  11 giant cockroaches
  8 goblins
  4 hobgoblins
  21 jackals
  7 quokkas
  11 ball pythons
  6 bats
  A frilled lizard (D:3)
  8 kobolds
  4 rats
118 creatures vanquished.

Notes
Turn   | Place    | Note
-------+----------+-------------------------------------------
     0 | Abyss:1  | polve the Demonspawn Abyssal Knight began the quest for the
                  | Orb.
     0 | Abyss:1  | Reached XP level 1. HP: 18/18 MP: 2/2
    86 | Abyss:1  | Noticed a hell knight
    87 | D:1      | Escaped the Abyss
   118 | D:1      | Reached * piety under Lugonu
   179 | D:1      | Gained mutation: Spells you cast may paralyse adjacent
                  | enemies. [demonic ancestry]
   179 | D:1      | Reached XP level 2. HP: 17/24 MP: 3/3
   576 | D:1      | Found Uclaq's Book Emporium.
   804 | D:1      | Gained mutation: You are partially covered in iridescent
                  | scales. (AC +2) [demonic ancestry]
   804 | D:1      | Reached XP level 3. HP: 27/29 MP: 4/4
   986 | D:1      | Reached ** piety under Lugonu
  1254 | D:1      | Learned a level 1 spell: Magic Dart
  1613 | D:2      | Gained mutation: You are mostly covered in iridescent
                  | scales. (AC +4) [demonic ancestry]
  1613 | D:2      | Reached XP level 4. HP: 28/35 MP: 5/5
  1799 | D:2      | Reached skill level 1 in Conjurations
  1853 | D:2      | Found a radiant altar of Vehumet.
  2061 | D:2      | Reached skill level 1 in Spellcasting
  2272 | D:2      | Reached skill level 2 in Conjurations
  2648 | D:3      | Noticed a necrophage
  2652 | D:3      | Reached *** piety under Lugonu
  2662 | D:3      | Killed a necrophage
  2663 | D:3      | Reached skill level 3 in Conjurations
  2663 | D:3      | Reached XP level 5. HP: 33/41 MP: 5/7
  2753 | D:3      | Noticed Sigmund
  2782 | D:2      | Learned a level 2 spell: Call Imp
  2786 | D:2      | Learned a level 3 spell: Conjure Flame
  2871 | D:3      | Killed Sigmund
  2872 | D:3      | Reached skill level 4 in Conjurations
  2872 | D:3      | Reached XP level 6. HP: 45/47 MP: 1/9
  2977 | D:3      | Found a faded altar of an unknown god.
  3357 | D:2      | Learned a level 3 spell: Mephitic Cloud
  3578 | D:3      | Found a runed translucent door.
  3579 | D:3      | Noticed Crazy Yiuf
  3602 | D:3      | Gained mutation: You have a pair of small horns on your
                  | head. [demonic ancestry]
  3602 | D:3      | Reached XP level 7. HP: 46/52 MP: 9/11
  3780 | D:3      | Noticed Terence
  3805 | D:3      | Reached skill level 5 in Conjurations
  3809 | D:3      | Killed Terence
  4187 | D:3      | Killed Crazy Yiuf
  4287 | D:4      | Reached skill level 1 in Stealth
  4640 | D:4      | Found a staircase to the Ecumenical Temple.
  4693 | D:4      | Noticed Duvessa
  4694 | D:4      | Noticed Dowan
  4714 | D:4      | Killed Duvessa
  4716 | D:4      | HP: 2/52 [Dowan/+2 dagger of pain (3)]
  4717 | D:4      | Slain by Dowan

Illustrated notes

Levels and vault maps discovered:
D:1:      dpeg_arrival_connections, layout_basic, serial_shops, shop,
          st_stairs_2
D:2:      layout_loops_ring, nicolae_vehumet_radiance,
          nicolae_tso_carved_into_rock
D:3:      minmay_roachtagon, layout_basic, chequers_ecumenical_altar_grove,
          uniq_sigmund, uniq_terence, uniq_crazy_yiuf_cottage
D:4:      layout_gridville, minmay_temple_entry_statues_pillars, uniq_duvessa,
          uniq_edmund

Skill      XL: |  1  2  3  4  5  6  7 |
---------------+----------------------+-----
Long Blades    | 2 3 |  3.7
Conjurations   | 3 4 5 |  5.0
Spellcasting   | 1 2 3 |  3.0
Stealth        | 2 |  2.4
Invocations    | 4 |  4.2
Fighting       | |  3.0
Armour         | |  1.7
Dodging        | |  0.8
Air Magic      | |  0.7
Poison Magic   | |  0.9

Action                   |  1- 3 |  4- 6 |  7- 9 || total
-------------------------+-------+-------+-------++-------
Melee: Falchion          |   128 |   137 |    77 ||   342
       Headbutt          |       |       |    14 ||    14
 Cast: Magic Dart        |       |    39 |    37 ||    76
Invok: Depart the Abyss  |     1 |       |       ||     1
  Use: Potion            |     2 |     1 |     3 ||     6
 Stab: Paralysed         |       |    10 |    14 ||    24
Armor: Leather armour    |    49 |    51 |       ||   100
       Robe              |       |    30 |    39 ||    69
Dodge: Dodged            |    87 |    87 |    54 ||   228
       Rpst.: Falchion   |    26 |    33 |    17 ||    76

Table legend: (Time is in decaauts)
 A = Elapsed time spent in this place.
 B = Non-inter-level travel time spent in this place.
 C = Inter-level travel time spent in this place.
 D = Time resting spent in this place.
 E = Time spent auto-exploring this place.
 F = Levels seen in this place.
 G = Mean time per level.
                   A        B        C        D        E       F      G
               +--------+--------+--------+--------+--------+-----+--------+
         Total |   4768 |   4677 |     91 |      0 |   3779 |   5 |  953.6 |
       Dungeon |   4677 |   4586 |     91 |      0 |   3691 |   4 | 1169.2 |
         Abyss |     91 |     91 |      0 |      0 |     88 |   1 |   91.0 |
               +--------+--------+--------+--------+--------+-----+--------+

Top non-repeatable levels by time:
     D:2: 1582 daAuts
     D:1: 1436 daAuts
     D:3: 1168 daAuts
     D:4: 490 daAuts
 Abyss:1: 91 daAuts
